[Event "ICC tourney 1953 (60 10)"]
[Site "Internet Chess Club"]
[Date "2020.08.08"]
[Round "6"]
[White "Giantsmaster"]
[Black "milindm"]
[Result "1/2-1/2"]
[ICCResult "Game drawn by mutual agreement"]
[WhiteElo "2101"]
[BlackElo "2198"]
[Opening "QGD: exchange, positional line"]
[ECO "D35"]
[NIC "QO.16"]
[Time "18:38:17"]
[TimeControl "3600+10"]

1. c4 e6 2. Nc3 d5 3. d4 Nf6 4. cxd5 exd5 5. Bg5 Be7 6. e3 c6 7. Nf3 Nbd7 8.
Bd3 h6 9. Bf4 Nh5 10. Be5 Nxe5 11. Nxe5 Nf6 12. O-O O-O 13. Rb1 a5 14. a3
Be6 15. b4 axb4 16. axb4 Nd7 17. Nf3 Ra3 18. Qd2 Qa8 19. Rfc1 Rc8 20. h3 b6
21. b5 c5 22. e4 Rxc3 23. Rxc3 dxe4 24. d5 Bxd5 25. Bc4 Bf6 26. Bxd5 Bxc3
27. Bxf7+ Kxf7 28. Qxd7+ Kg8 29. Qe6+ Kh7 30. Qf5+ Kg8 31. Qe6+ Kh7 32. Qf5+
{Game drawn by mutual agreement}
1/2-1/2

[Event "ICC tourney 1953 (60 10)"]
[Site "Internet Chess Club"]
[Date "2020.08.08"]
[Round "6"]
[White "GolddenPig"]
[Black "AlexW2007"]
[Result "0-1"]
[ICCResult "White resigns"]
[WhiteElo "1824"]
[BlackElo "2212"]
[Opening "Sicilian: Canal-Sokolsky attack, Sokolsky variation"]
[ECO "B52"]
[NIC "SI.01"]
[Time "18:37:58"]
[TimeControl "3600+10"]

1. e4 c5 2. Nf3 d6 3. Bb5+ Bd7 4. Bxd7+ Qxd7 5. c4 e5 6. O-O Nc6 7. Nc3 g6
8. d3 Bg7 9. Be3 Nge7 10. Rc1 O-O 11. h3 Kh8 12. Qd2 Nd4 13. Nh2 f5 14. f4
Nec6 15. Kh1 Rae8 16. Rce1 Ne6 17. Nd5 exf4 18. Nxf4 Nxf4 19. Bxf4 fxe4 20.
dxe4 Nd4 21. Qd3 Qc6 22. Ng4 Qa6 23. a3 Qb6 24. Rf2 a6 25. Qg3 Qc6 26. Bxd6
Rxf2 27. Nxf2 Nf5 28. exf5 Rxe1+ 29. Kh2 Qxd6 30. Qxd6 Be5+ 31. Qxe5+ Rxe5
32. fxg6 hxg6 33. Kg3 Re2 34. Nd3 Re3+ {White resigns} 0-1

[Event "ICC tourney 1953 (60 10)"]
[Site "Internet Chess Club"]
[Date "2020.08.08"]
[Round "6"]
[White "PrudentPatzer"]
[Black "slugger"]
[Result "0-1"]
[ICCResult "White resigns"]
[WhiteElo "2092"]
[BlackElo "2360"]
[Opening "Grünfeld: exchange variation"]
[ECO "D85"]
[NIC "GI.04"]
[Time "18:38:17"]
[TimeControl "3600+10"]

1. d4 Nf6 2. c4 g6 3. Nc3 d5 4. cxd5 Nxd5 5. e4 Nxc3 6. bxc3 Bg7 7. Be3 c5
8. Qd2 O-O 9. Rc1 Nd7 10. h4 e5 11. d5 f5 12. Bg5 Nf6 13. c4 Nxe4 14. Bxd8
Nxd2 15. Be7 Rf7 16. Bxc5 Nxf1 17. Kxf1 b6 18. Ba3 Ba6 19. Ne2 Rc8 20. c5
bxc5 21. Rh3 Rd7 22. Rhc3 Rxd5 23. Bxc5 e4 24. Bd4 Rxc3 25. Bxc3 Bxc3
{White resigns}
0-1

[Event "ICC tourney 1953 (60 10)"]
[Site "Internet Chess Club"]
[Date "2020.08.08"]
[Round "6"]
[White "superind"]
[Black "NyzhnykIllia"]
[Result "1-0"]
[ICCResult "Black resigns"]
[WhiteElo "2575"]
[BlackElo "2737"]
[Opening "QGD semi-Slav"]
[ECO "D43"]
[NIC "SL.03"]
[Time "18:38:18"]
[TimeControl "3600+10"]

1. d4 d5 2. c4 c6 3. Nf3 Nf6 4. Nc3 e6 5. Bg5 h6 6. Bh4 g5 7. Bg3 Ne4 8. e3
Nxg3 9. hxg3 Nd7 10. Qc2 Bg7 11. Bd3 Qe7 12. O-O-O dxc4 13. Bxc4 b5 14. Bd3
a6 15. g4 Bb7 16. Kb1 Rc8 17. Rd2 c5 18. d5 c4 19. Be4 Bxc3 20. Qxc3 Nf6 21.
d6 Bxe4+ 22. Ka1 b4 23. Qe5 Nd7 24. Qxh8+ Qf8 25. Rxh6 Rc6 26. Nxg5 c3 27.
Rd1 c2 28. Rc1 Bg6 29. Qxf8+ Kxf8 30. Nxe6+ fxe6 31. Rxg6 Rxd6 32. b3 Nc5
33. Rf6+ Ke7 34. Rf4 {Black resigns} 1-0

[Event "ICC tourney 1953 (60 10)"]
[Site "Internet Chess Club"]
[Date "2020.08.08"]
[Round "6"]
[White "kpthomas"]
[Black "funplaychess"]
[Result "0-1"]
[ICCResult "White resigns"]
[WhiteElo "2075"]
[BlackElo "2370"]
[Opening "English: four knights, Stean variation"]
[ECO "A28"]
[NIC "EO.05"]
[Time "18:38:16"]
[TimeControl "3600+10"]

1. c4 e5 2. Nc3 Nf6 3. Nf3 Nc6 4. e3 Bb4 5. Qc2 O-O 6. Nd5 Re8 7. Qf5 d6 8.
Nxf6+ Qxf6 9. Qxf6 gxf6 10. a3 Bc5 11. b4 Bb6 12. d3 a5 13. b5 Ne7 14. Be2
a4 15. O-O Kg7 16. Bb2 c6 17. bxc6 bxc6 18. Bc3 Be6 19. Rab1 Reb8 20. Bb4 c5
21. Bc3 d5 22. cxd5 Nxd5 23. Ba1 Ba5 24. Rbc1 Rb3 25. Rxc5 Rxa3 26. Nh4 Bb4
27. Rcc1 Bd2 28. Rcd1 Bc3 29. Bf3 Rxa1 30. Rxa1 Bxa1 31. Rxa1 a3 32. d4 exd4
33. exd4 Ra5 {White resigns} 0-1

[Event "ICC tourney 1953 (60 10)"]
[Site "Internet Chess Club"]
[Date "2020.08.08"]
[Round "6"]
[White "Bo002"]
[Black "penguinwizard"]
[Result "1-0"]
[ICCResult "Black resigns"]
[WhiteElo "2225"]
[BlackElo "2080"]
[Opening "Catalan: closed, main line"]
[ECO "E09"]
[NIC "CA.04"]
[Time "18:38:19"]
[TimeControl "3600+10"]

1. d4 Nf6 2. c4 e6 3. g3 d5 4. Bg2 Be7 5. Nf3 O-O 6. O-O c6 7. Nbd2 Nbd7 8.
Qc2 b6 9. e4 Bb7 10. Rd1 Rc8 11. e5 Ne8 12. cxd5 cxd5 13. Qd3 Nc7 14. Nf1 b5
15. h4 h6 16. N1h2 Re8 17. Ng4 Bf8 18. Bg5 hxg5 19. Nxg5 g6 20. f4 Bg7 21.
h5 Nf8 22. h6 Bh8 23. h7+ Kg7 24. Nf6 Re7 25. g4 Ne8 26. Ng8 Nxh7 27. Nxe7
Qxe7 28. Nf3 Qd7 29. Kf2 Kg8 30. Rh1 Qc6 31. Rac1 Qxc1 32. Rxc1 Rxc1 33.
Qxb5 Bc6 34. Qa6 Nf8 35. Kg3 Nd7 36. Qxa7 Rc2 37. b4 Rc4 38. Qa5 Kf8 39. b5
Bb7 40. Qa3+ Kg7 41. Qe7 Nb6 42. Qxb7 Nc8 43. b6 {Black resigns} 1-0

[Event "ICC tourney 1953 (60 10)"]
[Site "Internet Chess Club"]
[Date "2020.08.08"]
[Round "6"]
[White "olomi007"]
[Black "nicochasin"]
[Result "1/2-1/2"]
[ICCResult "Game drawn by mutual agreement"]
[WhiteElo "2630"]
[BlackElo "2400"]
[Opening "Sicilian: Scheveningen, classical"]
[ECO "B49"]
[NIC "SI.40"]
[Time "18:38:42"]
[TimeControl "3600+10"]

1. e4 c5 2. Nf3 e6 3. d4 cxd4 4. Nxd4 Nc6 5. Nc3 Qc7 6. Be3 a6 7. Be2 Nf6 8.
O-O d6 9. f4 Bd7 10. Kh1 b5 11. a3 Nxd4 12. Qxd4 Bc6 13. a4 bxa4 14. Nxa4
Bxe4 15. Nb6 Rb8 16. Rxa6 Qc6 17. Na4 Bxg2+ 18. Kg1 Qe4 19. Qa7 Nd7 20. Nc3
Qg6 21. f5 exf5 22. Rf2 Bb7+ 23. Kf1 Bxa6 24. Bxa6 Be7 25. Bb5 O-O 26. Qxd7
Bh4 27. Rg2 Qe6 28. Qxe6 fxe6 29. Bd7 Kf7 30. Re2 Rb7 31. Bxe6+ Kxe6 32.
Bg5+ Kf7 33. Bxh4 Rxb2 {Game drawn by mutual agreement} 1/2-1/2

[Event "ICC tourney 1953 (60 10)"]
[Site "Internet Chess Club"]
[Date "2020.08.08"]
[Round "6"]
[White "fastturle"]
[Black "rjc64uk"]
[Result "1-0"]
[ICCResult "Black resigns"]
[WhiteElo "2166"]
[BlackElo "2076"]
[Opening "Queen's pawn: London system"]
[ECO "A45"]
[NIC "QP.07"]
[Time "18:38:54"]
[TimeControl "3600+10"]

1. d4 Nf6 2. Bf4 d6 3. Nc3 Nbd7 4. Nf3 g6 5. e4 Nh5 6. Bg5 h6 7. Be3 Bg7 8.
Qd2 Nhf6 9. h3 c6 10. e5 Ng8 11. O-O-O d5 12. e6 fxe6 13. Bd3 Nf8 14. Nh4 g5
15. Ng6 Nxg6 16. Bxg6+ Kd7 17. h4 g4 18. Bf4 e5 19. dxe5 e6 20. Bh5 Ne7 21.
Bxg4 Kc7 22. h5 a6 23. Na4 b6 24. Qb4 Rb8 25. Rh3 c5 26. Qe1 Nc6 27. Rg3 Qe7
28. Nc3 Kb7 29. Bf3 Rf8 30. Qe3 Nd4 31. Rxg7 Qxg7 32. Bxh6 Qh7 33. Be4 dxe4
34. Bxf8 Qxh5 35. Nxe4 Qe2 36. Qxe2 Nxe2+ 37. Kd2 Nd4 38. c3 Nc6 39. Nd6+
Ka7 40. Bg7 Bd7 41. Rh1 Rg8 42. Rh7 Kb8 43. g4 Be8 44. Nxe8 Rxe8 45. Rh8
Rxh8 46. Bxh8 Ne7 47. Bf6 Ng6 48. Ke3 Kc7 49. f4 Kd7 50. f5 Nf8 51. Bg7 Nh7
52. Kf4 Ke7 53. g5 Kf7 54. g6+ Kxg7 55. gxh7 Kxh7 56. fxe6 Kg7 57. Kf5 c4
58. a4 a5 59. Kg5 Kg8 60. Kg6 Kf8 61. Kf6 Ke8 62. e7 b5 63. axb5 a4 64. b6
a3 65. bxa3 Kd7 66. b7 Kc7 67. b8=Q+ Kxb8 68. e8=Q+ Ka7 69. Qb5 {Black
resigns} 1-0

[Event "ICC tourney 1953 (60 10)"]
[Site "Internet Chess Club"]
[Date "2020.08.08"]
[Round "6"]
[White "bpovo1394"]
[Black "fredericton"]
[Result "1-0"]
[ICCResult "Black resigns"]
[WhiteElo "2149"]
[BlackElo "2199"]
[Opening "Ruy Lopez: closed, anti-Marshall 8.a4"]
[ECO "C88"]
[NIC "RL.18"]
[Time "18:38:08"]
[TimeControl "3600+10"]

1. e4 e5 2. Nf3 Nc6 3. Bb5 a6 4. Ba4 Nf6 5. O-O Be7 6. Re1 b5 7. Bb3 O-O 8.
a4 Bb7 9. d3 d6 10. c3 h6 11. Nbd2 Re8 12. Nf1 Bf8 13. Ng3 g6 14. h3 Bg7 15.
d4 Qe7 16. Bc2 exd4 17. cxd4 Nb4 18. Bb1 c5 19. d5 bxa4 20. Rxa4 Nd7 21. Ra3
a5 22. Rae3 Nb6 23. b3 a4 24. bxa4 Nxa4 25. Bd2 Nb2 26. Qb3 Ba6 27. e5 Bc4
28. Qxb2 Nxd5 29. Re4 Reb8 30. Qc1 Ba2 31. Bxa2 Rxa2 32. Qc4 {Black resigns}
1-0

[Event "ICC tourney 1953 (60 10)"]
[Site "Internet Chess Club"]
[Date "2020.08.08"]
[Round "6"]
[White "AZTAC"]
[Black "hollyelf"]
[Result "1-0"]
[ICCResult "Black checkmated"]
[WhiteElo "2238"]
[BlackElo "2096"]
[Opening "QGD Slav: 4.e3"]
[ECO "D11"]
[NIC "SL.01"]
[Time "18:37:58"]
[TimeControl "3600+10"]

1. d4 d5 2. c4 c6 3. Nf3 Nf6 4. e3 e6 5. b3 Bb4+ 6. Nbd2 O-O 7. Bd3 Ne4 8.
O-O f5 9. Bb2 Nd7 10. a3 Bd6 11. Ne5 Bxe5 12. dxe5 Ndc5 13. Nxe4 fxe4 14.
Bc2 b5 15. Qg4 bxc4 16. bxc4 Qe7 17. Bd4 Nd7 18. f3 Ba6 19. fxe4 Bxc4 20.
Rf4 Rxf4 21. Qxf4 Rf8 22. Qg3 Qxa3 23. h3 Ba2 24. exd5 cxd5 25. Qg4 Qa6 26.
Bd3 Qxd3 27. Qxe6+ Rf7 28. Qe8+ Nf8 29. e6 Rf5 30. Qe7 Nxe6 31. Qxe6+ Rf7
32. Kh2 Qc4 33. Qe8+ Rf8 34. Qe5 Rf7 35. Qb8+ Rf8 36. Qxa7 Rf7 37. Qxa2 Qc7+
38. Kg1 Qd6 39. Qa8+ Rf8 40. Qb7 Rf7 41. Ra8+ Qf8 42. Rxf8+ Kxf8 43. Bc5+
Re7 44. Qxe7+ Kg8 45. Qf8# {Black checkmated} 1-0

[Event "ICC tourney 1953 (60 10)"]
[Site "Internet Chess Club"]
[Date "2020.08.08"]
[Round "6"]
[White "ASharikov"]
[Black "RajeshCS"]
[Result "0-1"]
[ICCResult "White resigns"]
[WhiteElo "2173"]
[BlackElo "2341"]
[Opening "Queen's pawn game"]
[ECO "D00"]
[NIC "QP.07"]
[Time "18:38:05"]
[TimeControl "3600+10"]

1. d4 Nf6 2. Nc3 d5 3. Bf4 e6 4. e3 Be7 5. g4 O-O 6. g5 Ne4 7. Nxe4 dxe4 8.
h4 b6 9. Bg2 Bb7 10. Ne2 Nd7 11. Ng3 f5 12. gxf6 Nxf6 13. Qe2 Bd6 14. Bg5
Bxg3 15. fxg3 Qd6 16. Bf4 Qb4+ 17. c3 Qe7 18. O-O h6 19. Be5 Rac8 20. Qc2
Ng4 21. Rxf8+ Rxf8 22. Bxe4 Rf2 23. Qb1 Ba6 24. Bg2 Qf7 25. Qe4 Nxe5 26.
Qxe5 Rxb2 27. Kh1 Bc4 28. a4 a5 29. Rd1 Bd5 30. e4 Qf2 31. Rg1 Re2 32. c4
Bxe4 33. Qxe6+ Qf7 34. Qc8+ Kh7 35. Bxe4+ Rxe4 36. c5 Qf3+ 37. Kh2 Re2+ 38.
Kh3 h5 39. cxb6 Qf2 {White resigns} 0-1

[Event "ICC tourney 1953 (60 10)"]
[Site "Internet Chess Club"]
[Date "2020.08.08"]
[Round "6"]
[White "zuz1209"]
[Black "chessshrinker"]
[Result "1-0"]
[ICCResult "Black resigns"]
[WhiteElo "2213"]
[BlackElo "2185"]
[Opening "St. George (Baker) defense"]
[ECO "B00"]
[NIC "VO.17"]
[Time "18:38:54"]
[TimeControl "3600+10"]

1. e4 a6 2. d4 b5 3. Bd3 Bb7 4. Nf3 d6 5. O-O Nd7 6. a4 c6 7. Re1 e5 8. Nbd2
Ngf6 9. b3 Be7 10. Bb2 Qc7 11. axb5 cxb5 12. b4 O-O 13. Nb3 Rae8 14. Na5
exd4 15. Bxd4 Bd8 16. Nd2 Ba8 17. Qe2 Nxe4 18. Bxe4 Bxe4 19. Nxe4 f5 20. Qd3
fxe4 21. Rxe4 Nf6 22. Rxe8 Rxe8 23. Rd1 Qc8 24. h3 Re6 25. Nb3 Nd5 26. c3
Nf4 27. Qf3 Ne2+ 28. Kh1 Nxd4 29. Nxd4 Rf6 30. Qd5+ Kh8 31. Re1 Qd7 32. Qb7
{Black resigns}
1-0

[Event "ICC tourney 1953 (60 10)"]
[Site "Internet Chess Club"]
[Date "2020.08.08"]
[Round "6"]
[White "Dking135799"]
[Black "savchess06"]
[Result "1-0"]
[ICCResult "Black resigns"]
[WhiteElo "2244"]
[BlackElo "2084"]
[Opening "Bogo-Indian defense, Nimzovich variation"]
[ECO "E11"]
[NIC "QI.01"]
[Time "18:38:01"]
[TimeControl "3600+10"]

1. d4 Nf6 2. Nf3 e6 3. c4 Bb4+ 4. Bd2 Qe7 5. g3 O-O 6. Bg2 Bxd2+ 7. Qxd2 d6
8. Nc3 e5 9. O-O Nc6 10. d5 Nb8 11. b4 a5 12. a3 Nbd7 13. e4 Nb6 14. Qd3 Bg4
15. Nd2 c6 16. Rfb1 cxd5 17. cxd5 a4 18. Rc1 Rfc8 19. Rc2 Bd7 20. Rac1 Qe8
21. Bf1 Qd8 22. Qe3 Ng4 23. Qd3 Nf6 24. Bg2 Rc7 25. Nd1 Rac8 26. Rxc7 Rxc7
27. Rxc7 Qxc7 28. Qc3 Qd8 29. Ne3 Nc8 30. Ndc4 b5 31. Na5 Qb6 32. Bf3 g6 33.
Kg2 Ne7 34. Qc2 Ne8 35. Bg4 Bxg4 36. Nxg4 h5 37. Ne3 Nf6 38. Nc6 Kf8 39. Kf3
Ke8 40. Qc3 Kd7 41. Nxe7 Kxe7 42. Nd1 Kd7 43. Qd3 Ne8 44. Nc3 Nc7 45. Kg2
Ke8 46. f4 f6 47. Qd2 Kf7 48. Ne2 Ne8 49. Qc3 Ke7 50. Kf3 Kd7 51. Qd3 Nc7
52. Qd2 Ke7 53. fxe5 fxe5 54. Qh6 Kf7 55. Qh7+ Kf6 56. Qd7 Na6 57. Qe6+ Kg7
58. Qe7+ Kh6 59. Qf8+ Kh7 60. Qf7+ Kh6 61. Qg8 g5 62. Qf8+ Kg6 63. Qf5+ Kh6
64. Qf6+ Kh7 65. Qxg5 Qc7 66. Qxh5+ Kg7 67. Qg5+ Kh7 68. h4 Qc4 69. Qe3 Nxb4
70. axb4 Qxb4 71. Qc3 Qxc3+ 72. Nxc3 a3 73. Na2 {Black resigns} 1-0

[Event "ICC tourney 1953 (60 10)"]
[Site "Internet Chess Club"]
[Date "2020.08.08"]
[Round "6"]
[White "pyaru536"]
[Black "creepycrawlies"]
[Result "1-0"]
[ICCResult "Black resigns"]
[WhiteElo "2134"]
[BlackElo "2113"]
[Opening "QGD Slav: 4.e3 Bf5"]
[ECO "D12"]
[NIC "SL.01"]
[Time "18:38:15"]
[TimeControl "3600+10"]

1. d4 d5 2. c4 c6 3. Nf3 Nf6 4. e3 Bf5 5. Nc3 e6 6. Nh4 Be4 7. f3 Bg6 8. Qb3
Qc7 9. Bd2 Be7 10. cxd5 cxd5 11. Nxg6 hxg6 12. g3 Nc6 13. Bg2 a6 14. O-O O-O
15. Be1 b5 16. Bf2 Na5 17. Qd1 Nc4 18. Qe2 Rac8 19. Rac1 Qa5 20. b3 Na3 21.
Nb1 Nxb1 22. Rxb1 Qa3 23. e4 Rc7 24. e5 Nd7 25. Be3 Rfc8 26. Rf2 Nb8 27. f4
Nc6 28. g4 Nb4 29. f5 Bh4 30. Rff1 Rc2 31. Qf3 Qxa2 32. fxg6 fxg6 33. g5
R8c3 34. Bh3 Rxh2 35. Bxe6+ Kh7 36. Bf5 gxf5 37. Qh5+ {Black resigns} 1-0

[Event "ICC tourney 1953 (60 10)"]
[Site "Internet Chess Club"]
[Date "2020.08.08"]
[Round "6"]
[White "woodychess"]
[Black "YKQ"]
[Result "1/2-1/2"]
[ICCResult "Game drawn by repetition"]
[WhiteElo "2214"]
[BlackElo "2532"]
[Opening "Dutch defense"]
[ECO "A90"]
[NIC "HD.03"]
[Time "18:38:21"]
[TimeControl "3600+10"]

1. d4 e6 2. c4 f5 3. g3 Nf6 4. Bg2 d5 5. Nc3 Bd6 6. Nf3 O-O 7. O-O b6 8. Bf4
Bb7 9. Bxd6 Qxd6 10. Ne5 a6 11. Qb3 Nbd7 12. f4 Rab8 13. cxd5 exd5 14. Rac1
Rfd8 15. Rfd1 Nf8 16. e4 fxe4 17. Nxe4 Nxe4 18. Bxe4 c5 19. dxc5 bxc5 20.
Qa3 Qb6 21. Bg2 Ne6 22. Qe3 d4 23. Qe2 Bxg2 24. Qxg2 Qxb2 25. Rc2 Qb6 26.
Nc6 d3 27. Rc4 Nd4 28. Nxb8 Qxb8 29. Qe4 Qb5 30. Qxd3 Nf3+ 31. Qxf3 Rxd1+
32. Qxd1 Qxc4 33. Qd8+ Kf7 34. Qd7+ Kf6 35. Qd6+ Kf7 36. Qd7+ Kf6 37. Qd6+
Qe6 38. Qxc5 Qxa2 39. Qe5+ Kf7 40. Qf5+ Kg8 41. Qc8+ Kf7 42. Qf5+ Kg8 43.
Qc8+ Kf7 44. Qf5+ Kg8 45. Qc8+ Kf7 46. Qf5+ {Game drawn by repetition}
1/2-1/2

[Event "ICC tourney 1953 (60 10)"]
[Site "Internet Chess Club"]
[Date "2020.08.08"]
[Round "6"]
[White "VerdeNotte"]
[Black "CaptK"]
[Result "1-0"]
[ICCResult "Black resigns"]
[WhiteElo "2753"]
[BlackElo "2305"]
[Opening "Sicilian: closed, 2...Nc6"]
[ECO "B23"]
[NIC "SI.44"]
[Time "18:38:18"]
[TimeControl "3600+10"]

1. e4 c5 2. Nc3 Nc6 3. Bb5 Nd4 4. Nf3 e6 5. O-O a6 6. Bd3 Nxf3+ 7. Qxf3 Qc7
8. b3 Bd6 9. Kh1 Ne7 10. Bb2 Be5 11. Rae1 Ng6 12. a4 d6 13. Nd1 Bxb2 14.
Nxb2 e5 15. Nc4 Be6 16. a5 O-O 17. Nb6 Rae8 18. Bc4 Ne7 19. Qc3 Nc8 20. Nxc8
Rxc8 21. Ra1 Kh8 22. Qe3 Bxc4 23. bxc4 f5 24. exf5 Rxf5 25. Rab1 Rcf8 26.
Kg1 Rf4 27. d3 h6 28. Rb6 R8f7 29. g3 R4f6 30. Qe4 g5 31. Rfb1 Rxf2 32. Rxb7
Rf1+ 33. Rxf1 Qxb7 34. Qxb7 Rxb7 35. Rf6 Rd7 36. Rxh6+ Kg7 37. Rh5 Kf6 38.
Kf2 Rd8 39. Rh7 Rb8 40. Ra7 Rb2 41. Rxa6 Rxc2+ 42. Kf3 Ke6 43. Ra8 Kd7 44.
a6 Kc7 45. a7 Kb7 46. Rd8 Kxa7 47. h3 {Black resigns} 1-0

[Event "ICC tourney 1953 (60 10)"]
[Site "Internet Chess Club"]
[Date "2020.08.08"]
[Round "6"]
[White "tangent"]
[Black "JosephLevine"]
[Result "0-1"]
[ICCResult "White resigns"]
[WhiteElo "2281"]
[BlackElo "2200"]
[Opening "Catalan: closed, 7.Qc2"]
[ECO "E08"]
[NIC "CA.04"]
[Time "18:38:07"]
[TimeControl "3600+10"]

1. d4 d5 2. c4 e6 3. Nf3 Nf6 4. g3 Be7 5. Bg2 O-O 6. O-O Nbd7 7. Qc2 c5 8.
cxd5 Nxd5 9. a3 Qc7 10. e4 cxd4 11. Qe2 N5f6 12. Nxd4 e5 13. Nf5 Nc5 14.
Nxe7+ Qxe7 15. Nd2 a5 16. Nc4 Nb3 17. Nb6 Bg4 18. f3 Ra6 19. Be3 Nxa1 20.
fxg4 Nb3 21. g5 Nd7 22. Nd5 Qd8 23. Bh3 Nd4 24. Qg4 Rd6 25. Qh4 h6 26. Qh5
hxg5 27. Bxg5 f6 28. Be3 Qe8 29. Qh4 Rf7 30. Bd2 Nb6 31. Nc3 Rf8 32. Be3 Nc4
33. Bc1 Qf7 34. Bg4 g5 35. Qh3 Qh7 36. Qg2 Nb6 37. Bd1 Qd7 38. h3 Rd8 39.
Bg4 Qe8 40. Be3 Kg7 41. h4 gxh4 42. gxh4 Kh8 43. Bxd4 exd4 44. Rf5 dxc3 45.
Rh5+ Qxh5 46. Bxh5 Rg8 47. Bg4 Rd1+ {White resigns} 0-1

[Event "ICC tourney 1953 (60 10)"]
[Site "Internet Chess Club"]
[Date "2020.08.08"]
[Round "6"]
[White "nithin"]
[Black "erickzhao"]
[Result "1-0"]
[ICCResult "Black resigns"]
[WhiteElo "2295"]
[BlackElo "2254"]
[Opening "Queen's pawn game, Darooha variation "]
[ECO "D02"]
[NIC "QP.09"]
[Time "18:38:08"]
[TimeControl "3600+10"]

1. Nf3 d5 2. d4 Nf6 3. c4 e6 4. g3 g6 5. Bg2 Bg7 6. O-O O-O 7. Qc2 Nc6 8.
Rd1 Ne4 9. e3 a5 10. Qe2 b6 11. Nbd2 Nxd2 12. Nxd2 Ba6 13. b3 Nb4 14. a3 Nc6
15. Bb2 Ne7 16. Nf3 a4 17. Qd2 dxc4 18. b4 Bb7 19. Rac1 b5 20. Qc2 f5 21.
Ne5 Bxg2 22. Kxg2 Qd5+ 23. f3 Rad8 24. e4 Qb7 25. Qe2 Bxe5 26. dxe5 fxe4 27.
fxe4 Qb6 28. Rxd8 Rxd8 29. Rf1 Rd3 30. Bc1 Qd4 31. Bh6 Kh8 32. Rf8+ Ng8 33.
Qf1 Qxe4+ 34. Kh3 Qf5+ 35. Rxf5 gxf5 36. Qf4 Rd7 37. Bf8 Rd8 38. Bc5 Rd1 39.
Qf3 Rd3 40. Qa8 c3 41. Be7 h6 42. Bf6+ Kh7 43. Qe8 {Black resigns} 1-0

[Event "ICC tourney 1953 (60 10)"]
[Site "Internet Chess Club"]
[Date "2020.08.08"]
[Round "6"]
[White "Terry1234"]
[Black "dopolian"]
[Result "1-0"]
[ICCResult "Black resigns"]
[WhiteElo "2248"]
[BlackElo "2337"]
[Opening "Benoni: fianchetto variation"]
[ECO "A62"]
[NIC "BI.23"]
[Time "18:37:58"]
[TimeControl "3600+10"]

1. d4 Nf6 2. c4 c5 3. d5 e6 4. Nc3 exd5 5. cxd5 d6 6. Nf3 g6 7. g3 Bg7 8.
Bg2 O-O 9. O-O Re8 10. Bf4 a6 11. a4 Ne4 12. Nxe4 Rxe4 13. Nd2 Rxf4 14. gxf4
Bxb2 15. Rb1 Bg7 16. Nc4 f5 17. a5 Qc7 18. Nb6 Ra7 19. Re1 Nd7 20. e4 fxe4
21. Rxe4 Nf6 22. Re7 Qd8 23. Nxc8 Qxc8 24. Qe2 Bf8 25. Re6 Nh5 26. Re8 Nxf4
27. Rxc8 Nxe2+ 28. Kf1 Nd4 29. Re1 Kf7 30. Ree8 Bg7 31. f4 Nf5 32. Bh3 Bh6
33. Bxf5 gxf5 34. Rh8 Bxf4 35. Rxh7+ Kg6 36. Re7 Bxh2 37. Kg2 Bf4 38. Kf3
Bd2 39. Re6+ Kf7 40. Rc7+ Kf8 41. Rxd6 Ra8 42. Rf6+ Kg8 43. Rxc5 f4 44. d6
Rd8 45. Rg5+ Kh7 46. Rf7+ Kh6 47. Rd5 Bb4 48. Rxb7 Bc3 49. d7 Kg6 50. Rc7
Bf6 51. Kxf4 Kf7 52. Kf5 Bh4 53. Rc6 Rf8 54. Kg4 Rh8 55. Rh5 Rxh5 56. Kxh5
Bd8 57. Rxa6 Ke7 58. Ra7 Kd6 59. Kg6 Bc7 60. Rxc7 Kxc7 61. a6 Kxd7 62. a7
Kc7 63. a8=Q {Black resigns} 1-0

[Event "ICC tourney 1953 (60 10)"]
[Site "Internet Chess Club"]
[Date "2020.08.08"]
[Round "6"]
[White "chessmagic22"]
[Black "BrainOnFire"]
[Result "1-0"]
[ICCResult "Black resigns"]
[WhiteElo "2269"]
[BlackElo "2082"]
[Opening "Giuoco Piano"]
[ECO "C54"]
[NIC "IG.02"]
[Time "18:38:54"]
[TimeControl "3600+10"]

1. e4 e5 2. Nf3 Nc6 3. Bc4 Bc5 4. c3 Nf6 5. d3 d6 6. Bb3 O-O 7. O-O Bb6 8.
h3 Ne7 9. Re1 Ng6 10. Nbd2 Nh5 11. d4 Nhf4 12. Nc4 Qf6 13. a4 c6 14. dxe5
Nxe5 15. Nxb6 Nxh3+ 16. Kf1 axb6 17. Qd4 c5 18. Qe3 Ng4 19. Qe2 Nhxf2 20.
Bg5 Qg6 21. Bh4 Nh1 22. Kg1 Qh5 23. Qd2 h6 24. Rf1 g5 25. Be1 Be6 26. Bxe6
fxe6 27. Qxd6 Ne3 28. Qxe6+ Qf7 29. Qxh6 Nxf1 30. Nxg5 Qg7 31. Qxg7+ Kxg7
32. Ne6+ Kf7 33. Nxf8 Nhg3 34. Nd7 Rh8 35. Nxb6 Rh1+ 36. Kf2 Nxe4+ 37. Ke2
Nfg3+ 38. Kd3 Rh2 39. Bxg3 Nxg3 40. Rg1 Rh6 41. a5 Rd6+ 42. Kc4 Rd2 43. Na4
Rf2 44. Kxc5 Ne2 45. Rd1 Rxg2 46. Rd7+ Ke6 47. Rxb7 Rg4 48. Rb4 Nf4 49. Rd4
Ke5 50. Kb5 Rg6 51. Nb6 Ne6 52. Nd7+ Kf5 53. Rd6 Nc7+ 54. Kc6 {Black
resigns} 1-0

[Event "ICC tourney 1953 (60 10)"]
[Site "Internet Chess Club"]
[Date "2020.08.08"]
[Round "6"]
[White "esrosenberg"]
[Black "PawnGrubber21"]
[Result "0-1"]
[ICCResult "White resigns"]
[WhiteElo "2181"]
[BlackElo "1849"]
[Opening "English: symmetrical, Benoni formation"]
[ECO "A31"]
[NIC "EO.46"]
[Time "18:38:04"]
[TimeControl "3600+10"]

1. Nf3 Nf6 2. c4 c5 3. d4 cxd4 4. Nxd4 Nc6 5. Nc3 e5 6. Ndb5 d6 7. Bg5 Be6
8. Bxf6 gxf6 9. e3 a6 10. Na3 f5 11. Qd2 Qd7 12. Rd1 Rd8 13. Nc2 Bh6 14. h3
O-O 15. g4 f4 16. g5 fxe3 17. Qxe3 Bg7 18. Ne4 Nd4 19. Nxd4 exd4 20. Qg3 Qc7
21. Nf6+ Kh8 22. Bd3 Bxc4 23. Be4 Rde8 24. Qh4 Rxe4+ 25. Qxe4 Bxf6 26. gxf6
Bb5 27. Rxd4 Re8 28. Qxe8+ Bxe8 29. O-O Bc6 30. Re1 h6 31. Re7 Qa5 32. Rg4
Qd5 33. Kf1 Qh1+ 34. Ke2 Bf3+ 35. Ke3 Bxg4 36. hxg4 Qd5 37. f4 Kh7 38. b3
Kg6 39. Re4 Kxf6 40. Rd4 Qc5 41. Ke4 Qc2+ 42. Ke3 Ke7 43. Rd2 Qc5+ 44. Kf3
Qc3+ 45. Ke2 Qg3 46. g5 hxg5 47. fxg5 Qxg5 48. Rc2 Kd7 49. Rc4 f5 50. Kf3
Qh5+ 51. Kg3 Qe2 52. Kf4 Qxa2 53. Kxf5 Qxb3 54. Rf4 Qf7+ 55. Ke4 d5+ 56. Kf3
Qxf4+ 57. Kxf4 Kc6 58. Ke3 Kc5 59. Kd3 d4 60. Kd2 Kc4 61. Kc2 d3+ 62. Kd2
Kd4 63. Kd1 Kc3 64. Kc1 a5 65. Kd1 d2 66. Ke2 Kc2 {White resigns} 0-1

[Event "ICC tourney 1953 (60 10)"]
[Site "Internet Chess Club"]
[Date "2020.08.08"]
[Round "6"]
[White "justinchess"]
[Black "sathviks"]
[Result "1/2-1/2"]
[ICCResult "Game drawn by repetition"]
[WhiteElo "2382"]
[BlackElo "2208"]
[Opening "King's Indian: Makagonov system (5.h3)"]
[ECO "E71"]
[NIC "KI.30"]
[Time "18:40:05"]
[TimeControl "3600+10"]

1. c4 Nf6 2. Nc3 g6 3. e4 d6 4. d4 Bg7 5. h3 O-O 6. Bg5 h6 7. Be3 e5 8. d5
Nbd7 9. Bd3 Nh5 10. Qd2 Nf4 11. Bf1 Kh7 12. g3 Nh5 13. Bd3 a5 14. Nge2 Nc5
15. Bc2 Bd7 16. g4 Nf6 17. Ng3 Rb8 18. a3 a4 19. Bxc5 dxc5 20. Bxa4 c6 21.
Kf1 cxd5 22. Bxd7 d4 23. Bb5 dxc3 24. Qxc3 Qc7 25. Qf3 Rbd8 26. h4 Ne8 27.
Kg2 Nd6 28. h5 Nxb5 29. cxb5 Rd2 30. g5 Qe7 31. gxh6 Bf6 32. Rad1 Rfd8 33.
Rxd2 Rxd2 34. Rd1 Rd4 35. Re1 Bh4 36. Re3 Kxh6 37. hxg6 fxg6 38. Qg4 Bg5 39.
Re1 Kg7 40. Rh1 Rd2 41. Qh3 Kf6 42. Qh8+ Qg7 43. Qc8 Be3 44. Kf3 Bxf2 45.
Rf1 Qh6 46. Kg2 Qf4 47. Qf8+ Ke6 48. Qe8+ Kd6 49. Qd8+ Ke6 50. Qe8+ Kd6 51.
Qd8+ Ke6 52. Qe8+ Kd6 {Game drawn by repetition} 1/2-1/2